 Dungeon Crawl Stone Soup version 0.25.0-11-g1f837a76a1 (webtiles) character file.

Game seed: 14833898819548852897

36012 xccam the Fighter (level 13, -3/107 HPs)
             Began as a Gnoll Wanderer on June 27, 2020.
             Was the Champion of Cheibriados.
             Slain by a cyan ugly thing (13 damage)
             ... on level 14 of the Dungeon.
             The game lasted 00:21:08 (14181 turns).

xccam the Fighter (Gnoll Wanderer)                 Turns: 14181, Time: 00:21:09

Health: -3/107     AC: 18    Str: 30    XL:     13   Next: 87%
Magic:  15/25      EV: 21    Int: 28    God:    Cheibriados [******]
Gold:   492        SH:  0    Dex: 33    Spells: 29/29 levels left

rFire    . . .     SeeInvis .   I - +2 demon whip (vamp)
rCold    . . .     Gourm    .   (no shield)
rNeg     . . .     Faith    .   r - +2 scale mail {MR+}
rPois    .         Spirit   .   w - +0 helmet
rElec    .         Reflect  .   E - +0 cloak of the Amoeba {Str-3 Slay+6}
rCorr    .         Harm     .   F - +0 pair of gloves
MR       +....                  (no boots)
Stlth    ++++......             (no amulet)
HPRegen  0.27/turn              s - +4 ring of protection
MPRegen  0.19/turn              B - +4 ring of slaying

@: about to teleport, very slow
A: distributed training, fangs 1, strong nose
a: Bend Time, Temporal Distortion, Slouch, Step From Time, Renounce Religion


You were on level 14 of the Dungeon.
You worshipped Cheibriados.
Cheibriados was exalted by your worship.
You were very hungry.

You visited 2 branches of the dungeon, and saw 15 of its levels.
You also visited: Ice Cave.

You collected 767 gold pieces.
You spent 275 gold pieces at shops.

Inventory:

Hand Weapons
 a - a +0 spear
 c - a +0 quarterstaff
 h - a +5 battleaxe
 l - a +2 antimagic broad axe
 I - a +2 vampiric demon whip (weapon)
Missiles
 g - 60 poisoned darts (quivered)
Armour
 p - a +2 leather armour of cold resistance
 r - a +2 scale mail of magic resistance (worn)
 w - a +0 helmet (worn)
 A - a +0 tower shield
 E - the +0 cloak of the Amoeba (worn) {Str-3 Slay+6}
   (You bought it in a shop on level 8 of the Dungeon)

   It affects your strength (-3).
   It affects your accuracy and damage with ranged weapons and melee attacks
   (+6).
 F - a +0 pair of gloves (worn)
 O - a +0 cloak of cold resistance
Jewellery
 o - a +6 ring of dexterity
 s - a +4 ring of protection (left hand)
 u - an uncursed ring of protection from magic
 B - a +4 ring of slaying (right hand)
Wands
 b - a wand of enslavement (25)
 j - a wand of iceblast (7)
 v - a wand of flame (21)
 D - a wand of acid (19)
 J - a wand of polymorph (14)
Scrolls
 m - 4 scrolls of fear
 n - 3 scrolls of teleportation
 q - 8 scrolls of remove curse
 t - 3 scrolls of immolation
 y - a scroll of random uselessness {unknown}
 z - 3 scrolls of enchant armour
 C - a scroll of amnesia
 H - a scroll of fog {unknown}
 M - a scroll of noise {unknown}
 S - a scroll of blinking {unknown}
 U - a scroll of acquirement {unknown}
Potions
 d - 3 potions of heal wounds
 e - 2 potions of resistance
 i - a potion of brilliance
 k - 3 potions of curing
 G - 2 potions of stabbing
 K - a potion of invisibility {unknown}
 L - a potion of magic {unknown}
 N - a potion of berserk rage {unknown}
 P - 2 potions of might
 Q - a potion of flight {unknown}
 R - 3 potions of mutation {unknown}
 T - 2 potions of lignification {unknown}
Comestibles
 f - 20 rations


   Skills:
 + Level 11.8 Fighting
 + Level 8.5 Short Blades
 + Level 8.5 Long Blades
 + Level 8.5 Axes
 + Level 8.5 Maces & Flails
 + Level 8.5 Polearms
 + Level 9.7 Staves
 + Level 8.5 Slings
 + Level 9.0 Bows
 + Level 8.5 Crossbows
 + Level 8.5 Throwing
 + Level 8.5 Armour
 + Level 9.0 Dodging
 + Level 8.5 Stealth
 + Level 9.0 Shields
 + Level 8.5 Unarmed Combat
 + Level 8.5 Spellcasting
 + Level 7.1 Conjurations
 + Level 7.1 Hexes
 + Level 7.1 Charms
 + Level 7.1 Summonings
 + Level 7.1 Necromancy
 + Level 7.1 Translocations
 + Level 7.1 Transmutations
 + Level 7.1 Fire Magic
 + Level 7.1 Ice Magic
 + Level 7.1 Air Magic
 + Level 7.1 Earth Magic
 + Level 7.1 Poison Magic
 + Level 9.3 Invocations
 + Level 9.0 Evocations


You had 29 spell levels left.
You didn't know any spells.
Your spell library contained the following spells:

 Spells                   Type           Power        Failure   Level  Hunger
 Animate Skeleton         Necr           N/A          1%          1    None
 Pain                     Necr           ####         1%          1    None
 Vampiric Draining        Necr           ######....   1%          3    None
 Animate Dead             Necr           N/A          4%          4    #......
 Agony                    Necr           ######..     13%         5    ####...


Dungeon Overview and Level Annotations

Branches:
Dungeon (14/15)            Temple (1/1) D:7            Lair (0/6) D:8
    Orc (0/2) D:9          Vaults (0/5) D:13          IceCv (visited)

Altars:
Ashenzari
Cheibriados
Dithmenos
Elyvilon
Fedhas
Gozag
Hepliaklqana
Kikubaaqudgha
Makhleb
Nemelex Xobeh
Okawaru
Qazlal
Ru
Sif Muna
Trog
Uskayaw
Vehumet
Wu Jian
Xom
Yredelemnul
Zin
The Shining One

Shops:
D:4 (   D:8 [   D:13 (


Innate Abilities, Weirdness & Mutations

Your experience applies equally to all skills.
You have very sharp teeth.
Your uncanny sense of smell can sniff out nearby items.


Message History

Ouch! That really hurt!
You hear a horrible gurgling sound!
Unknown command.
You are too injured to fight recklessly!
Unknown command.
Unknown command.
You are too injured to fight recklessly!
Unknown command.
You are too injured to fight recklessly!
You step out of the flow of time.
You return to the normal time flow.
You are feeling very hungry. 3 ugly things come into view.
The cyan ugly thing engulfs you! The cyan ugly thing shocks you!
* * * LOW HITPOINT WARNING * * *
Okay, then.
As you read the scroll of teleportation, it crumbles to dust.
You feel strangely unstable. The cyan ugly thing engulfs you!
* * * LOW HITPOINT WARNING * * *
The cyan ugly thing shocks you!
You die...

∆#..#.####.# #J
########.#..#.#..#.#
#.##........#..#.#..#.##
#..JJu..u...#..#.#......
............#..#.(..#.##
#...........#..######.#
#...J.......#.........#
#......)u...#.#########
#...@$...#.........#
########.#########.# #.#
#.# #.# #.# #.# #.# #.#
#.# #.# #.# #.# #.# #.#
#.#


You could see 3 ugly things and 4 slime creatures.

Vanquished Creatures
  A fire giant (D:13)
  A white draconian (IceCv)
  A hydra (D:13)
  4 centaur warriors (D:13)
  A catoblepas (D:13)
  A two-headed ogre (D:12)
  2 tengu warriors (D:13)
  An iron troll (D:13)
  2 unseen horrors (D:11)
  Pikel (D:9)
  A necromancer (D:13)
  A deep elf mage (D:13)
  A wolf spider zombie (D:13)
  2 ugly things
  2 cyclopes
  3 manticores
  A salamander (shapeshifter) (D:13)
  An ice statue (IceCv)
  3 centaur skeletons
  2 gargoyles
  A komodo dragon (shapeshifter) (D:13)
  A komodo dragon (D:8)
  A freezing wraith (D:13)
  3 trolls
  A queen bee (D:9)
  18 polar bears
  A slime creature (D:14)
  5 hippogriffs
  2 wyverns
  26 yaks
  A basilisk (D:11)
  A fire elemental (D:11)
  A hungry ghost (D:9)
  The ghost of xccam the Cutter, an amateur TeAs (D:3)
  3 water moccasins
  11 ice beasts
  2 orc warriors
  A swamp drake (D:9)
  A sky beast (D:5)
  A black bear (D:6)
  7 phantoms
  An eye of draining (D:12)
  8 ogres
  8 wolves
  4 centaurs
  A crocodile (D:12)
  2 big kobolds
  2 wyvern zombies
  8 bullfrogs
  17 killer bees
  3 scorpions
  13 wights
  2 centaur zombies
  7 howler monkeys
  7 crimson imps
  2 quasits
  2 jellies
  3 lava snakes (D:11)
  3 bullfrog zombies
  6 hounds
  7 orc priests
  6 orc wizards
  4 bullfrog skeletons
  4 iguanas
  9 worker ants
  A bullfrog simulacrum (D:12)
  A hound skeleton (D:5)
  A hound zombie (D:6)
  Robin (D:4)
  2 worker ant zombies
  3 gnolls
  21 adders
  6 shadow imps
  4 white imps (D:12)
  2 oozes
  An adder skeleton (D:8)
  2 worms
  3 dart slugs (D:1)
  9 leopard geckos
  48 orcs
  3 giant cockroaches
  17 goblins
  15 hobgoblins
  13 jackals
  6 quokkas
  6 bats
  13 frilled lizards
  14 kobolds
  11 rats
  A plant (D:8)
454 creatures vanquished.

Vanquished Creatures (collateral kills)
  An orc priest (D:7)
  3 orcs (D:7)
4 creatures vanquished.

Vanquished Creatures (others)
  An unseen horror (D:13)
  A yak (D:12)
2 creatures vanquished.

Grand Total: 460 creatures vanquished

Notes
Turn   | Place    | Note
-------+----------+-------------------------------------------
     0 | D:1      | xccam the Gnoll Wanderer began the quest for the Orb.
     0 | D:1      | xccam set off with the following items: a +0 spear, a wand
                  | of enslavement (15), a +0 quarterstaff, a +0 robe, a ration
     0 | D:1      | Reached XP level 1. HP: 26/26 MP: 2/2
    69 | D:1      | Reached XP level 2. HP: 33/33 MP: 3/3
   344 | D:1      | Reached XP level 3. HP: 38/38 MP: 4/4
   728 | D:1      | Reached skill level 1 in Invocations
  1164 | D:2      | Reached skill level 1 in Short Blades
  1164 | D:2      | Reached skill level 1 in Long Blades
  1164 | D:2      | Reached skill level 1 in Axes
  1164 | D:2      | Reached skill level 1 in Maces & Flails
  1164 | D:2      | Reached skill level 1 in Polearms
  1164 | D:2      | Reached skill level 1 in Slings
  1164 | D:2      | Reached skill level 1 in Crossbows
  1164 | D:2      | Reached skill level 1 in Throwing
  1164 | D:2      | Reached skill level 1 in Armour
  1164 | D:2      | Reached skill level 1 in Stealth
  1164 | D:2      | Reached skill level 1 in Unarmed Combat
  1164 | D:2      | Reached skill level 1 in Spellcasting
  1168 | D:2      | Reached XP level 4. HP: 41/45 MP: 4/6
  1335 | D:2      | Found a shimmering blue altar of Sif Muna.
  1405 | D:2      | Reached skill level 1 in Conjurations
  1405 | D:2      | Reached skill level 1 in Hexes
  1405 | D:2      | Reached skill level 1 in Charms
  1405 | D:2      | Reached skill level 1 in Summonings
  1405 | D:2      | Reached skill level 1 in Necromancy
  1405 | D:2      | Reached skill level 1 in Translocations
  1405 | D:2      | Reached skill level 1 in Transmutations
  1405 | D:2      | Reached skill level 1 in Fire Magic
  1405 | D:2      | Reached skill level 1 in Ice Magic
  1405 | D:2      | Reached skill level 1 in Air Magic
  1405 | D:2      | Reached skill level 1 in Earth Magic
  1405 | D:2      | Reached skill level 1 in Poison Magic
  1512 | D:2      | Reached XP level 5. HP: 43/51 MP: 7/7
  2106 | D:3      | Found a white marble altar of Elyvilon.
  2379 | D:3      | Found a runed translucent door.
  2387 | D:3      | Noticed xccam's ghost (amateur TeAs)
  2409 | D:3      | Killed xccam's ghost
  2409 | D:3      | Reached XP level 6. HP: 34/57 MP: 8/8
  2672 | D:3      | Reached skill level 5 in Staves
  3102 | D:4      | Noticed Robin
  3153 | D:4      | Killed Robin
  3655 | D:4      | Found Cycs's Weapon Boutique.
  3700 | D:4      | Reached XP level 7. HP: 60/63 MP: 10/10
  4031 | D:5      | Entered Level 5 of the Dungeon
  4335 | D:5      | Found a sparkling altar of Nemelex Xobeh.
  4537 | D:5      | Reached skill level 9 in Fighting
  4572 | D:5      | Reached XP level 8. HP: 71/71 MP: 10/12
  5414 | D:6      | Found a burning altar of Makhleb.
  5429 | D:6      | Found a glowing silver altar of Zin.
  5435 | D:6      | Found a stormy altar of Qazlal.
  5721 | D:6      | Noticed a hippogriff
  5736 | D:6      | Killed a hippogriff
  5776 | D:6      | Reached XP level 9. HP: 53/76 MP: 14/14
  6137 | D:7      | Found a bloodstained altar of Trog.
  6555 | D:7      | Found a staircase to the Ecumenical Temple.
  6569 | Temple   | Entered the Ecumenical Temple
  6597 | Temple   | Became a worshipper of Cheibriados the Contemplative
  6681 | D:7      | Reached skill level 5 in Bows
  6681 | D:7      | Reached skill level 5 in Dodging
  6681 | D:7      | Reached skill level 5 in Shields
  6681 | D:7      | Reached skill level 5 in Evocations
  7016 | D:8      | Found Woeroj's Antique Armour Shop.
  7122 | D:8      | Bought a smoking cloak for 275 gold pieces
  7127 | D:8      | Identified the +0 cloak of the Amoeba {Str-3 Slay+6} (You
                  | bought it in a shop on level 8 of the Dungeon)
  7249 | D:8      | Reached skill level 5 in Invocations
  7267 | D:8      | Reached * piety under Cheibriados
  7451 | D:8      | Found a staircase to the Lair.
  7460 | D:8      | Noticed a komodo dragon
  7476 | D:8      | Killed a komodo dragon
  7476 | D:8      | Reached XP level 10. HP: 50/85 MP: 17/17
  7724 | D:8      | Reached skill level 5 in Short Blades
  7724 | D:8      | Reached skill level 5 in Long Blades
  7724 | D:8      | Reached skill level 5 in Axes
  7724 | D:8      | Reached skill level 5 in Maces & Flails
  7724 | D:8      | Reached skill level 5 in Polearms
  7724 | D:8      | Reached skill level 5 in Slings
  7724 | D:8      | Reached skill level 5 in Crossbows
  7724 | D:8      | Reached skill level 5 in Throwing
  7724 | D:8      | Reached skill level 5 in Armour
  7724 | D:8      | Reached skill level 5 in Stealth
  7724 | D:8      | Reached skill level 5 in Unarmed Combat
  7724 | D:8      | Reached skill level 5 in Spellcasting
  8059 | D:9      | Reached ** piety under Cheibriados
  8070 | D:9      | Reached skill level 10 in Fighting
  8201 | D:9      | Found an ornate altar of the Wu Jian Council.
  8461 | D:9      | Reached *** piety under Cheibriados
  8786 | D:9      | Reached XP level 11. HP: 84/91 MP: 19/19
  9088 | D:9      | Found a staircase to the Orcish Mines.
  9101 | D:9      | Reached **** piety under Cheibriados
  9229 | D:9      | Noticed Pikel
  9236 | D:9      | Killed Pikel
  9393 | D:10     | Entered Level 10 of the Dungeon
  9595 | D:10     | Reached skill level 5 in Conjurations
  9595 | D:10     | Reached skill level 5 in Hexes
  9595 | D:10     | Reached skill level 5 in Charms
  9595 | D:10     | Reached skill level 5 in Summonings
  9595 | D:10     | Reached skill level 5 in Necromancy
  9595 | D:10     | Reached skill level 5 in Translocations
  9595 | D:10     | Reached skill level 5 in Transmutations
  9595 | D:10     | Reached skill level 5 in Fire Magic
  9595 | D:10     | Reached skill level 5 in Ice Magic
  9595 | D:10     | Reached skill level 5 in Air Magic
  9595 | D:10     | Reached skill level 5 in Earth Magic
  9595 | D:10     | Reached skill level 5 in Poison Magic
 10428 | D:11     | Noticed a cyan ugly thing
 10439 | D:11     | Killed a cyan ugly thing
 10717 | D:11     | Reached ***** piety under Cheibriados
 10729 | D:11     | Killed an unseen horror
 11309 | D:11     | Killed an unseen horror
 11513 | D:12     | Noticed a white ugly thing
 11521 | D:12     | Killed a white ugly thing
 11526 | D:12     | Noticed a two-headed ogre
 11529 | D:12     | Noticed a manticore
 11536 | D:12     | Reached XP level 12. HP: 77/99 MP: 22/22
 11549 | D:12     | Killed a two-headed ogre
 11772 | D:12     | Found a frozen archway.
 11788 | D:12     | Reached skill level 11 in Fighting
 11806 | IceCv    | Entered an ice cave
 11906 | IceCv    | Reached ****** piety under Cheibriados
 11977 | IceCv    | Noticed a white draconian
 11999 | IceCv    | Killed a white draconian
 12010 | IceCv    | Reached XP level 13. HP: 106/106 MP: 24/24
 12906 | D:12     | Found a sparkling altar of Nemelex Xobeh.
 13015 | D:13     | Found Binufriu's Weapon Shoppe.
 13363 | D:13     | Noticed a fire giant
 13377 | D:13     | Killed a fire giant
 13496 | D:13     | Found a sparkling altar of Nemelex Xobeh.
 13880 | D:13     | Found a gate to the Vaults.
 14181 | D:14     | Slain by a cyan ugly thing

Illustrated notes

Levels and vault maps discovered:
D:1:      minmay_arrival_five_plusses, layout_basic
D:2:      layout_rooms, first_ration, chequers_serial_rivers_small_3,
          led_sif_pool
D:3:      layout_loops_cross, old_standard_altar, ebering_ghost_reflecting_pool
D:4:      layout_loops_ring, serial_shops, shop, fountainhead,
          kennysheep_path_1, kennysheep_generic_room_11, uniq_robin
D:5:      layout_basic, lemuel_doored_altar
D:6:      layout_basic, minmay_overflow_temple_star_quad
D:7:      layout_basic, minmay_temple_entry_waves, basic_altar
D:8:      layout_cave_pools, david_lair_shrubbed, serial_shops,
          nicolae_shop_statue_plus
D:9:      layout_roguey, kennysheep_little_box, erik_orc_1, david_nohive_1,
          uniq_pikel
D:10:     layout_cave_pools, columned_hall_lemuel, minivault_23
D:11:     layout_basic, kennysheep_boxes
D:12:     layout_roguey, serial_ice, serial_ice_i, serial_ice_c, serial_ice_o,
          serial_ice_d, portal_ice_cave_entry_ice_beasts, minivault_24,
          nemelex_diamond_rough_becter
D:13:     minmay_the_grid_net [minmay_the_grid_minigrid_medium,
          minmay_the_grid_outer_diamond, minmay_the_grid_expand,
          minmay_the_grid_pillar_ring, minmay_the_grid_aliased_spiral,
          minmay_the_grid_prize_inner_circle], layout_cave_pools,
          david_vaults_4, serial_shops, shop, basic_altar
D:14:     minmay_box_of_curves, layout_basic, chequers_mini_garden
Temple:   lightli_temple_of_artemis

Skill      XL: |  1  2  3  4  5  6  7  8  9 10 11 12 13 |
---------------+----------------------------------------+-----
Invocations    | 1 2 3 4 5 6 7 8 9 |  9.3
Short Blades   | 1 2 3 4 5 6 7 8 |  8.5
Long Blades    | 1 2 3 4 5 6 7 8 |  8.5
Axes           | 1 2 3 4 5 6 7 8 |  8.5
Maces & Flails | 1 2 3 4 5 6 7 8 |  8.5
Polearms       | 1 2 3 4 5 6 7 8 |  8.5
Slings         | 1 2 3 4 5 6 7 8 |  8.5
Crossbows      | 1 2 3 4 5 6 7 8 |  8.5
Throwing       | 1 2 3 4 5 6 7 8 |  8.5
Armour         | 1 2 3 4 5 6 7 8 |  8.5
Stealth        | 1 2 3 4 5 6 7 8 |  8.5
Unarmed Combat | 1 2 3 4 5 6 7 8 |  8.5
Spellcasting   | 1 2 3 4 5 6 7 8 |  8.5
Conjurations   | 1 2 3 4 5 6 7 |  7.1
Hexes          | 1 2 3 4 5 6 7 |  7.1
Charms         | 1 2 3 4 5 6 7 |  7.1
Summonings     | 1 2 3 4 5 6 7 |  7.1
Necromancy     | 1 2 3 4 5 6 7 |  7.1
Translocations | 1 2 3 4 5 6 7 |  7.1
Transmutations | 1 2 3 4 5 6 7 |  7.1
Fire Magic     | 1 2 3 4 5 6 7 |  7.1
Ice Magic      | 1 2 3 4 5 6 7 |  7.1
Air Magic      | 1 2 3 4 5 6 7 |  7.1
Earth Magic    | 1 2 3 4 5 6 7 |  7.1
Poison Magic   | 1 2 3 4 5 6 7 |  7.1
Bows           | 3 4 5 6 7 8 9 |  9.0
Dodging        | 3 4 5 6 7 8 9 |  9.0
Shields        | 3 4 5 6 7 8 9 |  9.0
Evocations     | 3 4 5 6 7 8 9 |  9.0
Staves         | 5 6 7 8 9 |  9.7
Fighting       | 9 10 11 | 11.8

Action                   |  1- 3 |  4- 6 |  7- 9 | 10-12 | 13-15 || total
-------------------------+-------+-------+-------+-------+-------++-------
Melee: Quarterstaff      |   111 |   240 |   432 |   335 |       ||  1118
       Bite              |    12 |    22 |    52 |   125 |    43 ||   254
       Demon whip        |       |       |       |   230 |   183 ||   413
       Punch             |       |       |       |    17 |    15 ||    32
Throw: Dart              |       |     6 |     6 |       |       ||    12
Invok: Step From Time    |       |       |       |       |     1 ||     1
Evoke: Wand              |       |       |     1 |       |     1 ||     2
  Use: Scroll            |       |       |     1 |    13 |     2 ||    16
       Potion            |       |       |     4 |       |       ||     4
 Stab: Sleeping          |     1 |     2 |     1 |     8 |     8 ||    20
       Distracted        |       |       |       |     1 |       ||     1
       Confused          |       |       |       |     3 |       ||     3
       Petrified         |       |       |       |       |     5 ||     5
  Eat: Chunk             |     1 |     8 |    13 |     7 |     4 ||    33
Armor: Robe              |    25 |    11 |       |       |       ||    36
       Scale mail        |       |    42 |   254 |   248 |    65 ||   609
       Leather armour    |       |     1 |       |       |       ||     1
Dodge: Dodged            |   107 |   171 |   298 |   442 |   155 ||  1173
